 Dungeon Crawl Stone Soup version 0.20.1-1-g8b1a95d (webtiles) character file.

27408 ReteAZ the Grappler (level 13, -19/133 HPs)
             Began as a Troll Monk on Aug 20, 2017.
             Was the Champion of Elyvilon.
             Demolished by an azure jelly (32 damage)
             ... on level 5 of the Lair of Beasts.
             The game lasted 00:31:22 (12886 turns).

ReteAZ the Grappler (Troll Monk)                   Turns: 12886, Time: 00:31:22

Health: -19/133    AC:  7    Str: 22    XL:     13   Next: 4%
Magic:  15/15      EV: 17    Int: 10    God:    Elyvilon [******]
Gold:   885        SH:  0    Dex: 12    Spells: 12/12 levels left

rFire    . . .     SeeInvis .     - Unarmed
rCold    . . .     Gourm    +   (no shield)
rNeg     + . .     Faith    .   M - +2 robe {rN+}
rPois    .         Spirit   .   (helmet restricted)
rElec    .         Reflect  .   (no cloak)
rCorr    .         Harm     .   (gloves unavailable)
MR       +....                  (boots unavailable)
Stlth    ++........             (no amulet)
Regen    0.8/turn               v - ring of protection from magic
MPRegen  0.2/turn               n - +2 ring of evasion

@: no status effects
A: unfitting armour, claws 3, fast metabolism 3, gourmand, regeneration 1,
shaggy fur 1, tough skin 2
a: Lesser Healing, Heal Other, Purification, Greater Healing, Divine Vigour,
Divine Protection, Renounce Religion


You were on level 5 of the Lair of Beasts.
You worshipped Elyvilon.
Elyvilon was exalted by your worship.
You were full.

You visited 3 branches of the dungeon, and saw 16 of its levels.
You also visited: Sewer.

You collected 885 gold pieces.

Inventory:

Missiles
 t - 2 throwing nets
 y - 14 tomahawks
 T - 2 large rocks (quivered)
Armour
 a - a +1 robe
 M - a +2 robe of positive energy (worn)
Magical Staves
 E - an uncursed staff of earth {unknown}
Jewellery
 e - an uncursed ring of wizardry
 n - a +2 ring of evasion (right claw)
 s - an uncursed ring of magical power
 v - a ring of protection from magic (left claw)
 H - an uncursed ring of resist corrosion
 W - an uncursed ring of protection from fire
Wands
 I - a wand of lightning (8/15)
 J - a wand of flame (34/48)
 L - a wand of lightning (5/15)
 N - a wand of iceblast (9/15)
Scrolls
 d - 9 scrolls of identify
 f - a scroll of fear
 i - 6 scrolls of remove curse
 l - 8 scrolls of teleportation
 m - 7 scrolls of amnesia
 p - a scroll of enchant weapon
 q - 3 scrolls of immolation
 w - a scroll of recharging
 D - 3 scrolls of enchant armour
 K - a scroll of magic mapping
 O - a scroll of blinking {unknown}
Potions
 c - 2 potions of brilliance
 h - 13 potions of curing
 j - 2 potions of invisibility
 k - 4 potions of might {unknown}
 o - 6 potions of flight
 A - 3 potions of agility {unknown}
 B - a potion of lignification {unknown}
 C - 3 potions of mutation {unknown}
 F - 2 potions of haste {unknown}
 R - a potion of resistance {unknown}
 S - 2 potions of heal wounds
 X - a potion of berserk rage {unknown}
Books
 r - a book of Flames

   Spells                             Type                      Level
   a - Flame Tongue                   Conjuration/Fire             1
   b - Throw Flame                    Conjuration/Fire             2
   c - Conjure Flame                  Conjuration/Fire             3
   d - Inner Flame                    Hexes/Fire                   3
   e - Sticky Flame                   Conjuration/Fire             4
   f - Fireball                       Conjuration/Fire             5
 u - a book of Air

   Spells                             Type                      Level
   a - Shock                          Conjuration/Air              1
   b - Swiftness                      Charms/Air                   2
   c - Static Discharge               Conjuration/Air              3
   d - Airstrike                      Air                          4
   e - Lightning Bolt                 Conjuration/Air              5
 G - a book of Callings

   Spells                             Type                      Level
   a - Summon Small Mammal            Summoning                    1
   b - Call Imp                       Summoning                    2
   c - Call Canine Familiar           Summoning                    3
   d - Summon Guardian Golem          Hexes/Summoning              3
   e - Summon Lightning Spire         Summoning/Air                4
   f - Summon Ice Beast               Ice/Summoning                4
 Y - a book of Clouds

   Spells                             Type                      Level
   a - Poisonous Vapours              Poison/Air                   2
   b - Mephitic Cloud                 Conjuration/Poison/Air       3
   c - Conjure Flame                  Conjuration/Fire             3
   d - Freezing Cloud                 Conjuration/Ice/Air          6
   e - Ring of Flames                 Charms/Fire                  7
Miscellaneous
 V - 2 sacks of spiders
Comestibles
 b - 13 bread rations
 g - 11 meat rations
 x - 10 fruits
 z - 12 royal jellies


   Skills:
 + Level 9.9 Fighting
 + Level 3.2 Throwing
 + Level 5.8 Armour
 + Level 9.9 Dodging
 - Level 1.0 Stealth
 - Level 12.3 Unarmed Combat
 - Level 5.0 Invocations


You had 12 spell levels left.
You didn't know any spells.

Dungeon Overview and Level Annotations

Branches:
Dungeon (10/15)            Temple (1/1) D:7            Lair (5/6) D:8
 Shoals (0/4) Lair:2        Snake (0/4) Lair:3        Slime (0/5) Lair:5
    Orc: D:9-12

Altars:
Ashenzari
Cheibriados
Dithmenos
Elyvilon
Fedhas
Gozag
Hepliaklqana
Kikubaaqudgha
Makhleb
Nemelex Xobeh
Okawaru
Qazlal
Ru
Sif Muna
Trog
Uskayaw
Vehumet
Xom
Yredelemnul
Zin
The Shining One
Jiyva

Shops:
D:10 [

Annotations:
D:9 exclusion: ice statue


Innate Abilities, Weirdness & Mutations

You are too large for most types of armour.
You have claws for hands.
Your metabolism is lightning-fast.
You like to eat raw meat.
Your natural rate of healing is unusually fast.
You are covered in fur. (AC +1)
You have very tough skin. (AC +2)


Message History

The azure jelly hits you. The azure jelly freezes you!!!
The azure jelly hits you but does no damage.
The azure jelly hits you. The azure jelly barely misses you.
You mangle the azure jelly!!
The azure jelly is moderately wounded.
The azure jelly hits you. The azure jelly freezes you!!
The azure jelly hits you! The azure jelly freezes you!!
* * * LOW HITPOINT WARNING * * *
The azure jelly closely misses you. The azure jelly misses you.
You mangle the azure jelly!!
The azure jelly is heavily wounded.
The azure jelly closely misses you. x2
The azure jelly hits you but does no damage.
The azure jelly hits you!
* * * LOW HITPOINT WARNING * * *
Okay, then.
The azure jelly closely misses you. The azure jelly hits you.
* * * LOW HITPOINT WARNING * * *
The azure jelly freezes you!!
You die...

#**,,,.### ***,,***,,,****
###***#..###*###*P,,,,*,,*,**
..#####....##..#..,,,,,,*,,,*
..#.##............,,,,,,,****
.....#.....P.P...#####,,,*
...........#..#**#.>.#,***
....†.......######.J.#,**
................##JJ.#*,*
#.......#.......@##'###**
#....P#.####.P...JJ...#
.......### ####.......#
......#..# #.......#
.[.......# ***#.......#*
.......#.#**,*#........#
.......##..,*.P.......##
.......................#
.......................#******


You could see 2 azure jellies.

Vanquished Creatures
  2 death yaks (D:8)
  The ghost of JackS81 the Carver, a novice BaFi of the Shining One (D:8)
  An unseen horror (D:8)
  A phantasmal warrior (D:10)
  2 merfolk sirens (Lair:2)
  2 black mambas
  8 spiny frogs
  A rime drake (Lair:2)
  A komodo dragon (Lair:4)
  A queen bee (D:9)
  A merfolk (Lair:2)
  The ghost of LarsimusPrime the Covered, an amateur MiFi (D:4)
  3 polar bears
  A hornet (D:9)
  8 blink frogs
  4 hippogriffs
  A shadow (D:9)
  8 spriggans
  31 yaks
  A basilisk (Lair:4)
  A wyvern (Lair:3)
  The ghost of regularjogger the Chiller, an amateur MfIE (D:3)
  A hungry ghost (D:8)
  4 water moccasins
  Menkaure (D:7)
  Duvessa (D:4)
  5 porcupines
  A black bear (D:9)
  A phantom (D:4)
  3 ice beasts
  4 sky beasts
  3 orc warriors
  4 ogres
  14 wolves
  3 centaurs
  11 crocodiles
  3 big kobolds
  11 bullfrogs
  Dowan (D:4)
  3 scorpions
  27 killer bees
  3 wights (D:6)
  2 electric eels (Lair:2)
  A howler monkey (D:8)
  9 crimson imps
  4 hounds
  3 orc priests (D:9)
  2 bullfrog zombies
  A centaur zombie (D:9)
  2 jellies
  18 orc wizards
  A centaur skeleton (D:10)
  2 iguanas
  A hell rat (D:8)
  6 worker ants
  3 hound zombies
  2 worker ant zombies (D:4)
  12 gnolls
  10 adders
  A howler monkey skeleton (D:4)
  4 river rats
  4 shadow imps
  4 adder zombies
  A dart slug (D:2)
  4 worms
  6 leopard geckos
  27 orcs
  A ball python (D:3)
  8 giant cockroaches
  4 goblins
  8 hobgoblins
  6 jackals
  4 quokkas
  2 bats
  5 frilled lizards
  A jackal skeleton (D:5)
  24 kobolds
  A leopard gecko skeleton (D:6)
  A leopard gecko zombie (D:4)
  A quokka skeleton (D:4)
  14 rats
395 creatures vanquished.

Vanquished Creatures (others)
  A death yak (D:8)
  A worm (D:3)
  A jackal (D:3)
  5 fungi (Lair:4)
  3 plants
11 creatures vanquished.

Grand Total: 406 creatures vanquished

Notes
Turn   | Place    | Note
-------+----------+-------------------------------------------
     0 | D:1      | ReteAZ the Troll Monk began the quest for the Orb.
     0 | D:1      | Reached XP level 1. HP: 22/22 MP: 0/0
   457 | D:1      | Reached XP level 2. HP: 23/29 MP: 1/1
   946 | D:2      | Reached skill level 4 in Unarmed Combat
  1075 | D:2      | Found a stormy altar of Qazlal.
  1075 | D:2      | Found a sacrificial altar of Ru.
  1080 | D:2      | Found an ancient bone altar of Kikubaaqudgha.
  1082 | D:2      | Found a blossoming altar of Fedhas.
  1085 | D:2      | Found a hazy altar of Hepliaklqana.
  1189 | D:2      | Reached XP level 3. HP: 34/36 MP: 2/2
  1411 | D:3      | Found a sparkling altar of Nemelex Xobeh.
  1445 | D:3      | Reached skill level 5 in Unarmed Combat
  1445 | D:3      | Reached XP level 4. HP: 44/44 MP: 3/3
  1474 | D:3      | Found a radiant altar of Vehumet.
  1515 | D:3      | Found a white marble altar of Elyvilon.
  1544 | D:3      | Noticed regularjogger's ghost (amateur MfIE)
  1591 | D:3      | Killed regularjogger's ghost
  1591 | D:3      | Reached XP level 5. HP: 16/53 MP: 4/4
  1658 | D:3      | Found a glowing drain.
  1662 | Sewer    | Entered a sewer
  1757 | Sewer    | Reached XP level 6. HP: 54/61 MP: 5/5
  1782 | Sewer    | Found a white marble altar of Elyvilon.
  1853 | Sewer    | Became a worshipper of Elyvilon the Healer
  1853 | Sewer    | Reached * piety under Elyvilon
  1853 | Sewer    | Reached ** piety under Elyvilon
  1945 | D:3      | Reached skill level 6 in Unarmed Combat
  2214 | D:4      | Found an iron altar of Okawaru.
  2316 | D:4      | Noticed LarsimusPrime's ghost (amateur MiFi)
  2369 | D:4      | Killed LarsimusPrime's ghost
  2369 | D:4      | Reached XP level 7. HP: 50/70 MP: 6/6
  2452 | D:4      | Noticed Duvessa
  2456 | D:4      | Noticed Dowan
  2469 | D:4      | Killed Duvessa
  2469 | D:4      | Reached skill level 1 in Invocations
  2479 | D:4      | Killed Dowan
  2613 | D:4      | Reached skill level 7 in Unarmed Combat
  2723 | D:5      | Entered Level 5 of the Dungeon
  2747 | D:5      | Reached XP level 8. HP: 79/79 MP: 8/8
  2757 | D:5      | Reached *** piety under Elyvilon
  3306 | D:5      | Found a burning altar of Makhleb.
  3399 | D:6      | Reached skill level 5 in Fighting
  3475 | D:6      | Reached skill level 5 in Dodging
  3728 | D:6      | Reached XP level 9. HP: 82/88 MP: 10/10
  3820 | D:6      | Reached skill level 8 in Unarmed Combat
  4047 | D:6      | Reached **** piety under Elyvilon
  4217 | D:7      | Noticed Menkaure
  4452 | D:7      | Found a staircase to the Ecumenical Temple.
  4465 | Temple   | Entered the Ecumenical Temple
  4615 | D:7      | Killed Menkaure
  5280 | D:7      | Reached skill level 9 in Unarmed Combat
  5280 | D:7      | Reached skill level 5 in Invocations
  5487 | D:8      | Reached XP level 10. HP: 93/100 MP: 12/12
  5632 | D:8      | Reached ***** piety under Elyvilon
  5745 | D:8      | Found a shadowy altar of Dithmenos.
  5748 | D:8      | Noticed JackS81's ghost (novice BaFi)
  5765 | D:8      | Killed JackS81's ghost
  5881 | D:8      | Killed an unseen horror
  5881 | D:8      | Reached skill level 10 in Unarmed Combat
  6011 | D:8      | Noticed a death yak
  6012 | D:8      | Noticed a death yak
  6033 | D:8      | Pacified a death yak
  6034 | D:8      | Noticed a death yak
  6049 | D:8      | Killed a death yak
  6066 | D:8      | Killed a death yak
  6083 | D:8      | Killed a death yak
  6248 | D:8      | Found a staircase to the Lair.
  6463 | D:9      | Reached skill level 11 in Unarmed Combat
  6469 | D:9      | Reached XP level 11. HP: 97/109 MP: 13/13
  6547 | D:9      | Found a blossoming altar of Fedhas.
  6708 | D:9      | Noticed an eight-headed hydra
  6710 | D:9      | Pacified an eight-headed hydra
  7569 | D:10     | Entered Level 10 of the Dungeon
  7632 | D:10     | Found Xucw's Antique Armour Shop.
  7839 | D:10     | Noticed a death knight
  7839 | D:10     | Noticed a phantasmal warrior
  7850 | D:10     | Killed a phantasmal warrior
  7850 | D:10     | Reached skill level 1 in Armour
  7937 | Lair:1   | Entered Level 1 of the Lair of Beasts
  8098 | Lair:1   | Reached skill level 12 in Unarmed Combat
  9430 | Lair:2   | Reached XP level 12. HP: 81/122 MP: 14/14
 10101 | Lair:2   | Found a staircase to the Shoals.
 10726 | Lair:3   | Reached skill level 1 in Throwing
 11188 | Lair:3   | Reached skill level 5 in Armour
 11372 | Lair:3   | Found a staircase to the Snake Pit.
 11526 | Lair:4   | Reached ****** piety under Elyvilon
 11559 | Lair:4   | Noticed a seven-headed hydra
 11560 | Lair:4   | Pacified a seven-headed hydra
 12601 | Lair:5   | Noticed a five-headed hydra
 12602 | Lair:5   | Pacified a five-headed hydra
 12602 | Lair:5   | Reached XP level 13. HP: 112/133 MP: 15/15
 12875 | Lair:5   | Found a runed door.
 12876 | Lair:5   | Found a viscous altar of Jiyva.
 12876 | Lair:5   | Noticed an azure jelly
 12877 | Lair:5   | Found a staircase to the Slime Pits.
 12877 | Lair:5   | Noticed an azure jelly
 12877 | Lair:5   | Noticed an azure jelly
 12877 | Lair:5   | Noticed an azure jelly
 12886 | Lair:5   | Demolished by an azure jelly

Skill      XL: |  1  2  3  4  5  6  7  8  9 10 11 12 |
---------------+-------------------------------------+-----
Unarmed Combat | 4 5 6 7 9 11 12 | 12.3
Fighting       | 3 4 5 6 7 8 9 |  9.9
Dodging        | 3 4 5 6 7 8 9 |  9.9
Invocations    | 1 3 5 |  5.0
Armour         | 2 5 |  5.8
Throwing       | 3 |  3.2
Stealth        | |  1.0

Action                   |  1- 3 |  4- 6 |  7- 9 | 10-12 | 13-15 || total
-------------------------+-------+-------+-------+-------+-------++-------
Melee: Unarmed           |    89 |   128 |   374 |   812 |    20 ||  1423
       Punch             |       |     4 |    15 |    38 |     1 ||    58
Throw: Tomahawk          |       |       |     6 |     4 |       ||    10
       Large rock        |       |       |       |     4 |       ||     4
Invok: Lesser Healing    |       |       |     1 |       |       ||     1
       Purification      |       |       |     1 |       |       ||     1
       Heal Other        |       |       |       |     6 |     1 ||     7
       Greater Healing   |       |       |       |     4 |     1 ||     5
  Use: Scroll            |       |     6 |       |    11 |       ||    17
       Potion            |       |     3 |       |     2 |       ||     5
 Stab: Sleeping          |     1 |     3 |     4 |     1 |       ||     9
       Distracted        |       |       |       |     1 |       ||     1
  Eat: Chunk             |    14 |     8 |    37 |    71 |       ||   130
       Fruit             |       |       |       |     2 |       ||     2
Armor: Robe              |    36 |    33 |    72 |   108 |     4 ||   253
Dodge: Dodged            |    56 |    72 |   224 |   526 |    13 ||   891
